 Dungeon Sprint DCSS version 0.26-a0-639-g72c4674329 (webtiles) character file.

Game seed: 8028033515092441100

10413 HoaS the Executioner (level 11, -3/60 HPs)
             Began as a Formicid Fighter on Sept 18, 2020.
             Was the Champion of Makhleb.
             Killed by the air
             ... invoked by a spriggan air mage
              (12 damage)
             ... in the Dungeon (Sprint V: "Ziggurat Sprint").
             The game lasted 00:09:49 (492 turns).

HoaS the Executioner (Formicid Fighter)              Turns: 492, Time: 00:09:49

Health: -3/60      AC: 31    Str: 35    XL:     11   Next: 92%
Magic:  9/9        EV:  3    Int:  9    God:    Makhleb [******]
Gold:   0          SH: 33    Dex: 12    Spells: 10/10 levels left

rFire    . . .     SeeInvis +   w - +5 executioner's axe (freeze)
rCold    x . .     Faith    .   i - +18 shield of the Gong {rElec rN+ MR+ EV-5}
rNeg     + . .     Spirit   .   h - +15 Maxwell's patent armour {-Cast -Tele rElec MR+ rCorr}
rPois    .         Reflect  .   (helmet unavailable)
rElec    +         Harm     .   F - +2 cloak {MR+}
rCorr    +         Rampage  +   m - +1 pair of gloves "Paboefumn" {Rampage rC- SInv Stlth+}
MR       +++++     NoCast   +   (no boots)
Stlth    ..........             c - amulet "Soepreb" {RegenMP MR+ Int+2}
HPRegen  0.20/turn              o - +6 ring of strength
MPRegen  0.36/turn              p - +6 ring of strength

@: lethally poisoned (-3 -> -11)
A: permanent stasis, dig shafts and tunnels, four strong arms, antennae 3,
blurry vision 1, deterioration 1, frail 2, low mp 1, MP-powered wands
a: Dig, Minor Destruction, Lesser Servant of Makhleb, Major Destruction, Greater
Servant of Makhleb, Renounce Religion


You were in the Dungeon.
You worshipped Makhleb.
Makhleb was exalted by your worship.
You visited 1 branch

Inventory:

Hand Weapons
 q - the +4 morningstar "Newtbane" {freeze, rF+}
   (You found it in the Dungeon)

   It has been specially enchanted to freeze those struck by it, causing extra
   injury to most foes and up to half again as much damage against particularly
   susceptible opponents.
   It can also slow down cold-blooded creatures.
   It protects you from fire.
 w - a +5 executioner's axe of freezing (weapon)
 H - a +5 battleaxe
Armour
 h - the +15 Maxwell's patent armour (worn) {-Cast -Tele rElec MR+ rCorr}
   (You found it in the Dungeon)

   It insulates you from electricity.
   It affects your resistance to hostile enchantments.
   It prevents spellcasting.
   It prevents most forms of teleportation.
   It provides partial protection from all sources of acid and corrosion.
 i - the +18 shield of the Gong (worn) {rElec rN+ MR+ EV-5}
   (You found it in the Dungeon)

   It affects your evasion (-5).
   It insulates you from electricity.
   It protects you from negative energy.
   It affects your resistance to hostile enchantments.
 m - the +1 pair of gloves "Paboefumn" (worn) {Rampage rC- SInv Stlth+}
   (You found it in the Dungeon)

   It makes you vulnerable to cold.
   It lets you see invisible.
   It bestows one free step when moving towards enemies.
   It makes you more stealthy.
 F - a +2 cloak of magic resistance (worn)
 G - a +3 tower shield
Jewellery
 c - the amulet "Soepreb" (around neck) {RegenMP MR+ Int+2}
   (You found it in the Dungeon)

   [amulet of magic regeneration]

   It increases your magic regeneration.
   It affects your intelligence (+2).
   It affects your resistance to hostile enchantments.
 j - an uncursed ring of flight
 k - a +6 ring of dexterity
 l - a +6 ring of dexterity
 o - a +6 ring of strength (left hand)
 p - a +6 ring of strength (right hand)
 E - the ring of the Shrike {MP+9 Dex+3}
   (You found it in the Dungeon)

   [ring of magical power]

   It affects your dexterity (+3).
   It affects your magic capacity (+9).
 I - the ring of Qemyux {Ice Dex+6}
   (You found it in the Dungeon)

   [ring of ice]

   It enhances your ice magic.
   It affects your dexterity (+6).
   It makes you vulnerable to fire.
   It protects you from cold.
Wands
 b - a wand of disintegration (7)
 r - a wand of iceblast (7)
 s - a wand of acid (7)
Scrolls
 a - 3 scrolls of brand weapon
 y - 4 scrolls of amnesia
 z - 7 scrolls of fog
 A - a scroll of holy word
 B - 5 scrolls of identify
 C - 5 scrolls of remove curse
 D - 2 scrolls of fear
Potions
 d - 6 potions of might
 e - 10 potions of curing
 f - 10 potions of heal wounds
 g - 7 potions of magic
 t - 2 potions of brilliance
 u - 2 potions of invisibility
 v - 4 potions of resistance
 x - 5 potions of stabbing


   Skills:
 - Level 3.2 Fighting
 * Level 22.7 Axes
 - Level 3.2 Armour
 - Level 15.0 Shields


You had 10 spell levels left.
You didn't know any spells.
Your spell library was empty.

Dungeon Overview and Level Annotations

Branches:
Dungeon (1/1)

Altars:
Ashenzari
Cheibriados
Dithmenos
Elyvilon
Fedhas
Gozag
Hepliaklqana
Kikubaaqudgha
Makhleb
Nemelex Xobeh
Okawaru
Qazlal
Ru
Sif Muna
Trog
Uskayaw
Vehumet
Wu Jian
Xom
Yredelemnul
Zin
The Shining One
Beogh
Jiyva
Lugonu

Annotations:
D 1 transporter


Innate Abilities, Weirdness & Mutations

You cannot be hasted, slowed, berserked, paralysed or teleported.
You can dig through walls and to a lower floor.
Your four strong arms can wield two-handed weapons with a shield.
You have a pair of large antennae on your head. (SInv)
Scrolls take you a little longer to read.
Your body sometimes deteriorates upon taking damage.
You are very frail. (-20% HP)
Your magical capacity is low. (-10% MP)
You expend magic power (3 MP) to strengthen your wands.


Message History

GONNNNG!
The spriggan air mage waves its arms in wide circles.
The air twists around and strikes you!!
* * * LOW HITPOINT WARNING * * *
You block the water moccasin's attack.
PANG!
You barely miss the komodo dragon.
The komodo dragon is almost dead.
You hit the crocodile.
The crocodile seems to slow down.
You freeze the crocodile. You slash the black mamba!
You freeze the black mamba. You slice the water moccasin!!
You freeze the water moccasin.
You kill the water moccasin!
Makhleb accepts your kill.
* * * LOW HITPOINT WARNING * * *
You feel sick. You block the black mamba's attack.
BOUMMMMG!
The spriggan air mage waves its arms in wide circles.
The air twists around and strikes you!
You die...

▓....©..).▓...©.†.▓
▓▓▓▓▓▓▓▓▓▓▓▓▓▓▓▓▓▓▓▓▓
▓...8©8...▓...8©8...▓
▓..):|)...▓..}.}[[..▓
▓..)=}}[..▓...|):=..▓
▓.........▓.........▓
▓.........▓.........▓
▓....St...▓.........▓
▓...†@.i..▓...†.....▓
▓.....l...▓.▓.....▓.▓
▓.▓.....▓.▓....©†...▓
▓....©....▓▓▓▓▓▓▓▓▓▓▓
▓▓▓▓▓▓▓▓▓▓▓


{{{{{{{{ {{{{{{{{{ {{{{{{{{{{{{{{{{{{ {{{{{{{{{{{{{{{{{{ You could see a
spriggan air mage (repels missiles), a komodo dragon (slow), a black mamba and a
crocodile (slow).

Vanquished Creatures
  A fire crab (shapeshifter) (D)
  5 ugly things (D)
  A salamander (shapeshifter) (D)
  3 shining eyes (D)
  6 toenail golems (D)
  A cane toad (D)
  A naga mage (D)
  A polar bear (D)
  A jumping spider (D)
  A wind drake (shapeshifter) (D)
  2 tarantellas (D)
  A redback (D)
  A wyvern (D)
  A human (shapeshifter) (D)
  4 neqoxecs (D)
  A warg (shapeshifter) (D)
  3 nagas (D)
  3 water moccasins (D)
  A porcupine (D)
  An eye of draining (D)
  A wolf (D)
  A crocodile (D)
  A bullfrog (D)
  3 earth elementals (D)
  2 scorpions (D)
  2 jellies (D)
  An orc priest (D)
  An iguana (D)
  2 orc wizards (D)
  2 adders (D)
  An orc (D)
  3 ball pythons (D)
59 creatures vanquished.

Vanquished Creatures (others)
  A black mamba (D)
1 creature vanquished.

Grand Total: 60 creatures vanquished

Notes
Turn   | Place    | Note
-------+----------+-------------------------------------------
     0 | D        | HoaS the Formicid Fighter began the quest for the Orb.
     0 | D        | Reached XP level 1. HP: 18/18 MP: 1/1
     2 | D        | Found a blossoming altar of Fedhas.
     3 | D        | Found the +6 Majin-Bo {vamp, MP+6 Int+6}
     3 | D        | Found the +9 heavy crossbow "Sniper" {vorpal, Acc+∞ SInv}
     3 | D        | Found the +10 dark maul {vorpal}
     3 | D        | Found the +15 Maxwell's patent armour {-Cast -Tele rElec
                  | MR+ rCorr}
     3 | D        | Found the +18 shield of the Gong {rElec rN+ MR+ EV-5}
     3 | D        | Found the cursed +14 obsidian axe {vorpal, +Fly SInv
                  | *Curse}
     3 | D        | Found the +7 great mace "Firestarter" {inner flame, rF++}
     3 | D        | Found the +6 shillelagh "Devastator" {shatter}
     3 | D        | Found the +11 plutonium sword {*Contam Stlth-}
     3 | D        | Found the +8 lance "Wyrmbane" {slay drac, rPois rF+ rC+
                  | AC+3}
     3 | D        | Found the +9 sword of Zonguldrok {reap}
     3 | D        | Found the cursed +13 scythe of Curses {drain, *Curse}
     3 | D        | Found the +0 sword of Power
     3 | D        | Found the +7 mace of Variability {chain chaos}
     3 | D        | Found the +7 Singing Sword {vorpal, sonic wave}
     3 | D        | Found the +8 storm bow {elec, penet}
     3 | D        | Found a transporter.
     3 | D        | Found a viscous altar of Jiyva.
     3 | D        | Found an ancient bone altar of Kikubaaqudgha.
     3 | D        | Found a hazy altar of Hepliaklqana.
     3 | D        | Found a corrupted altar of Lugonu.
     3 | D        | Found an opulent altar of Gozag.
     3 | D        | Found a burning altar of Makhleb.
     4 | D        | Found a sacrificial altar of Ru.
     4 | D        | Found a stormy altar of Qazlal.
     4 | D        | Found a shimmering blue altar of Sif Muna.
     4 | D        | Found an iron altar of Okawaru.
     4 | D        | Found a bloodstained altar of Trog.
     4 | D        | Found a sparkling altar of Nemelex Xobeh.
    11 | D        | Banished a spatial maelstrom
   104 | D        | Became a worshipper of Makhleb the Destroyer
   105 | D        | Reached skill level 7 in Axes
   105 | D        | Reached XP level 2. HP: 24/24 MP: 2/2
   135 | D        | Entered arena 2.
   135 | D        | Noticed a toenail golem
   135 | D        | Noticed a toenail golem
   135 | D        | Found a transporter.
   140 | D        | Killed a toenail golem
   140 | D        | Reached skill level 12 in Axes
   140 | D        | Reached XP level 3. HP: 29/29 MP: 3/3
   140 | D        | Reached XP level 4. HP: 35/35 MP: 4/4
   140 | D        | Reached XP level 5. HP: 41/41 MP: 5/5
   140 | D        | Reached XP level 6. HP: 47/47 MP: 6/6
   142 | D        | Killed a toenail golem
   142 | D        | Reached skill level 13 in Axes
   142 | D        | Reached skill level 10 in Shields
   142 | D        | Reached XP level 7. HP: 52/52 MP: 7/7
   148 | D        | Entered arena 3.
   148 | D        | Found a transporter.
   151 | D        | Reached * piety under Makhleb
   152 | D        | Reached skill level 14 in Axes
   152 | D        | Reached XP level 8. HP: 58/58 MP: 2/8
   157 | D        | Entered arena 4.
   157 | D        | Found a transporter.
   160 | D        | Reached ** piety under Makhleb
   171 | D        | Entered arena 5.
   171 | D        | Found a transporter.
   172 | D        | Found the +10 morningstar "Eos" {elec, Halo rElec}
   172 | D        | Found the +2 robe of Vines {NoPotionHeal Regen+7}
   173 | D        | Reached *** piety under Makhleb
   190 | D        | Entered arena 6.
   190 | D        | Found a transporter.
   193 | D        | Reached **** piety under Makhleb
   196 | D        | Reached skill level 15 in Axes
   206 | D        | Got the +4 morningstar "Newtbane" {freeze, rF+}
   217 | D        | Entered arena 7.
   217 | D        | Noticed a black mamba
   217 | D        | Noticed a naga mage
   224 | D        | Reached ***** piety under Makhleb
   226 | D        | Reached XP level 9. HP: 64/64 MP: 9/9
   226 | D        | Killed a black mamba
   229 | D        | Reached skill level 16 in Axes
   230 | D        | Found a transporter.
   231 | D        | Killed a naga mage
   267 | D        | Got the amulet "Soepreb" {RegenMP MR+ Int+2}
   289 | D        | Entered arena 8.
   289 | D        | Noticed a jumping spider
   300 | D        | Reached skill level 17 in Axes
   302 | D        | Found a transporter.
   319 | D        | Killed a jumping spider
   319 | D        | Reached XP level 10. HP: 70/70 MP: 10/10
   323 | D        | Got the ring of the Shrike {MP+9 Dex+3}
   333 | D        | Got the ring of Qemyux {Ice Dex+6}
   336 | D        | Entered arena 9.
   336 | D        | Noticed a toenail golem
   336 | D        | Noticed a toenail golem
   336 | D        | Noticed a toenail golem
   336 | D        | Noticed a toenail golem
   348 | D        | Killed a toenail golem
   348 | D        | Reached ****** piety under Makhleb
   349 | D        | Killed a toenail golem
   349 | D        | Reached skill level 18 in Axes
   352 | D        | Killed a toenail golem
   352 | D        | Reached skill level 15 in Shields
   358 | D        | Killed a toenail golem
   368 | D        | Reached skill level 19 in Axes
   369 | D        | Found a transporter.
   381 | D        | Entered arena 10.
   381 | D        | Noticed a red ugly thing
   381 | D        | Noticed a cyan ugly thing
   381 | D        | Noticed a purple ugly thing
   381 | D        | Noticed a shining eye
   381 | D        | Noticed a cyan ugly thing
   381 | D        | Noticed a salamander
   381 | D        | Noticed a yaktaur
   382 | D        | Identified the +3 quick blade of Vodka {vorpal, rElec
                  | rPois}
   385 | D        | Noticed a fire crab
   385 | D        | a yaktaur changed into a fire crab
   394 | D        | Killed a cyan ugly thing
   394 | D        | Killed a cyan ugly thing
   398 | D        | Killed a fire crab
   398 | D        | Reached skill level 20 in Axes
   398 | D        | Reached XP level 11. HP: 56/75 MP: 11/11
   399 | D        | Gained mutation: You are frail. (-10% HP) [a shining eye]
   401 | D        | Killed a shining eye
   403 | D        | Killed a salamander
   406 | D        | Killed a brown ugly thing
   412 | D        | Reached skill level 21 in Axes
   418 | D        | Killed a cyan ugly thing
   419 | D        | Found a transporter.
   439 | D        | Entered arena 11.
   439 | D        | Noticed a shining eye
   439 | D        | Noticed a shining eye
   439 | D        | Noticed a white ugly thing
   440 | D        | Found a transporter.
   446 | D        | Gained mutation: You are very frail. (-20% HP) [a shining
                  | eye]
   447 | D        | Gained mutation: Your magical capacity is low. (-10% MP) [a
                  | shining eye]
   448 | D        | Gained mutation: Scrolls take you a little longer to read.
                  | [a shining eye]
   449 | D        | Killed a white ugly thing
   449 | D        | Gained mutation: You expend magic power (3 MP) to
                  | strengthen your wands. [a shining eye]
   453 | D        | Gained mutation: Your body sometimes deteriorates upon
                  | taking damage. [a shining eye]
   455 | D        | Killed a shining eye
   458 | D        | Killed a shining eye
   458 | D        | Reached skill level 22 in Axes
   467 | D        | Got the +1 pair of gloves "Paboefumn" {Rampage rC- SInv
                  | Stlth+}
   482 | D        | Entered arena 12.
   483 | D        | Found the +7 captain's cutlass {speed, disarm}
   483 | D        | Found a transporter.
   483 | D        | Identified the cursed +0 buckler "Rasocimeo" {rC+ Str-2
                  | Int+3 Slay+3}
   483 | D        | Noticed a spriggan air mage
   490 | D        | HP: 2/60 [black mamba (2)]
   492 | D        | Killed from afar by a spriggan air mage

Illustrated notes

Levels and vault maps discovered:
D:        sprint_v [room_start, room_1, room_2, room_3, room_4, room_5, room_6,
          room_7, room_8, room_9, room_10, room_11, room_12, room_13, room_14,
          room_15, room_16, room_17, room_18, room_19, room_20, room_21,
          room_22, room_23, room_24, room_25, room_26, room_27]

Skill      XL: |  1  2  3  4  5  6  7  8  9 10 11 |
---------------+----------------------------------+-----
Axes           | 7 12 13 14 15 17 20 22 | 22.7
Shields        | 9 10 11 12 14 15 | 15.0
Fighting       | |  3.2
Armour         | |  3.2

Action                   |  1- 3 |  4- 6 |  7- 9 | 10-12 || total
-------------------------+-------+-------+-------+-------++-------
Melee: Executioner's axe |     4 |     2 |    39 |    84 ||   129
  Use: Potion            |     2 |       |       |       ||     2
       Scroll            |       |       |     1 |       ||     1
Armor: Plate armour      |     5 |       |    11 |    23 ||    39
Dodge: Dodged            |       |       |     5 |     5 ||    10
Block: Kite shield       |     4 |     4 |    72 |   121 ||   201

Table legend: (Time is in decaauts)
 A = Elapsed time spent in this place.
 B = Non-inter-level travel time spent in this place.
 C = Inter-level travel time spent in this place.
 D = Time resting spent in this place.
 E = Time spent auto-exploring this place.
 F = Levels seen in this place.
 G = Mean time per level.
                   A        B        C        D        E       F      G
               +--------+--------+--------+--------+--------+-----+--------+
         Total |    499 |    499 |      0 |     36 |     18 |   1 |  499.0 |
       Dungeon |    499 |    499 |      0 |     36 |     18 |   1 |  499.0 |
               +--------+--------+--------+--------+--------+-----+--------+

Top non-repeatable levels by time:
       D: 499 daAuts
